 Dungeon Crawl Stone Soup version 0.20-a0-317-gc038824 (webtiles) character file.

9148 FitzyFitz the Covert (level 11, -2/86 HPs)
             Began as a Demonspawn Monk on Dec 20, 2016.
             Was a High Priest of Ashenzari.
             Slain by an ice beast (6 damage)
             ... summoned by an ice statue
             ... in an ice cave.
             The game lasted 00:41:03 (11771 turns).

FitzyFitz the Covert (Demonspawn Monk)             Turns: 11771, Time: 00:41:04

Health: -2/86      AC:  3    Str: 11    XL:     11   Next: 19%
Magic:  14/14      EV: 17    Int: 15    God:    Ashenzari [*****.]
Gold:   694        SH:  7    Dex: 24    Spells: 10/14 levels left

rFire  + . .     SeeInvis +     b - +7 dagger (curse)
rCold  . . .     Gourm    .     g - +1 robe
rNeg   . . .     Faith    .     y - +0 buckler
rPois  .         Spirit   .     (helmet unavailable)
rElec  .         Reflect  .     (no cloak)
rCorr  .         Harm     .     (no gloves)
MR     .....     Clarity  +     (no boots)
Stlth  ++++++....               A - amulet of regeneration
                                G - +6 ring of dexterity
                                (no ring)

@: about to teleport, very slightly contaminated
A: antennae 3, talons 1, agile 1, clarity, fire resistance 1, nightstalker 2
a: Curse Item, Scrying, Transfer Knowledge, Renounce Religion


You were in an ice cave.
You worshipped Ashenzari.
Ashenzari was extremely pleased with you.
You were not hungry.

You visited 2 branches of the dungeon, and saw 11 of its levels.
You also visited: Ice Cave.

You collected 694 gold pieces.

Inventory:

Hand Weapons
 b - a cursed +7 dagger (weapon)
 z - a +7 morningstar
 F - the +4 scimitar of Riuvisolo {slice, +Rage Int+2 Dex+5}
   (You found it in an ice cave)

   It inflicts extra damage upon your enemies.
   It affects your intelligence (+2).
   It affects your dexterity (+5).
   It lets you go berserk.
Missiles
 I - 9 tomahawks (quivered)
 L - 4 throwing nets
Armour
 g - a +1 robe (worn)
 y - a +0 buckler (worn)
 C - a +0 helmet
Jewellery
 p - an uncursed amulet of guardian spirit
 A - an amulet of regeneration (around neck)
 G - a +6 ring of dexterity (right hand)
Wands
 a - a wand of enslavement (12/24)
 e - a wand of teleportation (4/9)
 n - a wand of slowing (18/48)
 s - a wand of acid (9/15)
 w - a wand of confusion (21/48)
 B - a wand of hasting (3/9)
 J - a wand of enslavement (12/24)
Scrolls
 d - 3 scrolls of fog
 i - a scroll of random uselessness {unknown}
 j - 4 scrolls of remove curse
 k - 3 scrolls of teleportation
 o - 2 scrolls of amnesia {unknown}
 q - a scroll of summoning {unknown}
 r - 3 scrolls of fear {unknown}
 t - 4 scrolls of recharging
 u - 3 scrolls of magic mapping {unknown}
 v - a scroll of blinking {unknown}
Potions
 f - 4 potions of brilliance
 h - a potion of curing
 l - 2 potions of resistance
 D - a potion of ambrosia
Books
 H - a book of Necromancy

   Spells                             Type                      Level
   a - Pain                           Necromancy                   1
   b - Animate Skeleton               Necromancy                   1
   c - Vampiric Draining              Necromancy                   3
   d - Regeneration                   Charms/Necromancy            3
   e - Animate Dead                   Necromancy                   4
   f - Control Undead                 Necromancy                   4
Miscellaneous
 x - a crystal ball of energy
Comestibles
 c - 11 bread rations
 m - 6 meat rations
 E - 4 slices of pizza
 K - 3 beef jerkies


   Skills:
 + Level 8.1 Fighting
 - Level 7.6(11.6) Short Blades
   Level 2.6 Axes
 - Level 5.5 Dodging
 - Level 8.4 Stealth
 - Level 5.1 Shields
 + Level 2.0 Spellcasting
 + Level 2.3 Charms
 + Level 6.6 Necromancy


You had 10 spell levels left.
You knew the following spells:

 Your Spells              Type           Power        Failure   Level  Hunger
a - Animate Skeleton      Necr           N/A          1%          1    #......
b - Regeneration          Chrm/Necr      ###.......   12%         3    ###....


Dungeon Overview and Level Annotations

Branches:
Dungeon (9/15)             Temple (0/1) D:5            Lair (2/6) D:9
    Orc (0/2) D:9
  Swamp: Lair:2-4    Shoals: Lair:2-4     Snake: Lair:2-4    Spider: Lair:2-4

Altars:
Ashenzari
Gozag
Hepliaklqana
Ru
Uskayaw
Vehumet

Shops:
D:7 %

Annotations:
D:4 Harvester's ghost, amateur OpTm IceCv exclusion: 2 ice statues


Innate Abilities, Weirdness & Mutations

You have a pair of large antennae on your head. (SInv)
Your flesh is heat resistant. (rF+)
You are significantly more attuned to the shadows.
You have sharp toenails.
You are agile. (Dex +2)
You possess an exceptional clarity of mind.


Message History

The shard of ice misses you.
The shard of ice hits the ice beast.
The ice beast partially resists.
The ice beast hits you. The ice beast freezes you!
The ice statue gestures. x2
You see here 25 stones.
The ice statue gestures at you. The bolt of cold misses you.
You see here the +4 scimitar of Riuvisolo {slice, +Rage Int+2 Dex+5}.
F - the +4 scimitar of Riuvisolo {slice, +Rage Int+2 Dex+5} The white ugly thing tail-slaps you!
* * * LOW HITPOINT WARNING * * *
The white ugly thing freezes you!!
* * * LOW HITPOINT WARNING * * *
The ice beast closely misses you.
As you read the scroll labeled CEUFA EHUO, it crumbles to dust.
You feel strangely unstable.
It was a scroll of teleportation.
The white ugly thing misses you. The ice beast hits you.
* * * LOW HITPOINT WARNING * * *
The ice beast freezes you.
You die...

##.........#
#...........
#...........
#...........*
*............,*
....8...8...,*
......Y..... *
*#....YuY.... *
...8.@Y8...*
*#...?./...#*
###########


You could see 2 ice statues, a white ugly thing and 4 ice beasts.

Vanquished Creatures
  Harold (Lair:1)
  An ugly thing (IceCv)
  Joseph (D:8)
  A spiny frog (Lair:1)
  A rime drake (Lair:1)
  A troll (D:9)
  Prince Ribbit (D:6)
  3 blink frogs (Lair:1)
  A hippogriff (Lair:1)
  A yak (D:9)
  3 hogs (D:9)
  A human (D:9)
  A hungry ghost (D:8)
  A warg (D:9)
  2 water moccasins
  3 porcupines (Lair:1)
  14 ice beasts
  3 phantoms
  2 sky beasts (D:6)
  2 centaurs
  A necrophage (D:8)
  A wolf (D:9)
  3 crocodiles
  10 bullfrogs
  A gnoll sergeant (D:9)
  2 scorpions
  4 killer bees (D:4)
  4 wights (D:9)
  A howler monkey (D:5)
  3 electric eels (D:9)
  A quasit (D:8)
  9 hounds
  A bullfrog skeleton (D:6)
  2 orc priests (D:5)
  A centaur skeleton (D:4)
  A jelly (D:5)
  2 iguanas (D:6)
  3 orc wizards
  A hound skeleton (D:5)
  4 gnolls
  9 adders
  A shadow imp (D:7)
  2 oozes
  2 adder zombies
  2 adder skeletons
  2 dart slugs
  4 worms
  3 leopard geckos
  17 orcs
  2 ball pythons
  7 giant cockroaches
  10 goblins
  12 hobgoblins
  8 jackals
  7 kobolds
  3 quokkas
  7 bats
  6 frilled lizards
  A leopard gecko zombie (D:5)
  A quokka skeleton (D:8)
  3 rats
208 creatures vanquished.

Vanquished Creatures (collateral kills)
  A blink frog (Lair:1)
  A hippogriff (Lair:1)
  A hungry ghost (D:9)
  A porcupine (Lair:1)
  A water moccasin (Lair:1)
  A crocodile (Lair:1)
  2 orc priests (D:9)
  A gnoll (D:9)
9 creatures vanquished.

Grand Total: 217 creatures vanquished

Notes
Turn   | Place    | Note
-------+----------+-------------------------------------------
     0 | D:1      | FitzyFitz the Demonspawn Monk began the quest for the Orb.
     0 | D:1      | Reached XP level 1. HP: 18/18 MP: 1/1
   575 | D:1      | Gained mutation: You are slightly more attuned to the shadows. [demonic ancestry]
   575 | D:1      | Reached XP level 2. HP: 24/24 MP: 2/2
  1431 | D:1      | Reached XP level 3. HP: 28/30 MP: 3/3
  1977 | D:2      | Found a shattered altar of Ashenzari.
  1992 | D:2      | Became a worshipper of Ashenzari the Shackled
  1992 | D:2      | Reached * piety under Ashenzari
  1992 | D:2      | Reached ** piety under Ashenzari
  2824 | D:2      | Gained mutation: You are significantly more attuned to the shadows. [demonic ancestry]
  2824 | D:2      | Reached XP level 4. HP: 32/38 MP: 4/4
  3015 | D:3      | Reached skill level 5 in Fighting
  3044 | D:3      | Noticed a phantom
  3145 | D:2      | Killed a phantom
  3145 | D:2      | Reached skill level 1 in Short Blades
  3145 | D:2      | Reached XP level 5. HP: 5/44 MP: 5/5
  3686 | D:3      | Found a radiant altar of Vehumet.
  3702 | D:3      | Found a hide-covered altar of Uskayaw.
  3814 | D:3      | Found a hazy altar of Hepliaklqana.
  3989 | D:4      | Gained mutation: Your flesh is heat resistant. (rF+) [demonic ancestry]
  3989 | D:4      | Reached XP level 6. HP: 51/51 MP: 6/6
  4046 | D:4      | Noticed Harvester's ghost (amateur OpTm)
  4235 | D:4      | Reached XP level 7. HP: 22/56 MP: 4/7
  4786 | D:4      | Reached *** piety under Ashenzari
  4946 | D:5      | Entered Level 5 of the Dungeon
  4965 | D:5      | Reached skill level 5 in Stealth
  4998 | D:5      | Upgraded the game from 0.20-a0-309-gcba9277 to 0.20-a0-317-gc038824
  5936 | D:5      | Reached skill level 5 in Short Blades
  5936 | D:5      | Reached XP level 8. HP: 27/62 MP: 1/8
  6158 | D:5      | Found a staircase to the Ecumenical Temple.
  6548 | D:6      | Reached skill level 1 in Shields
  6630 | D:6      | Found an opulent altar of Gozag.
  6682 | D:6      | Noticed Prince Ribbit
  6687 | D:6      | Killed Prince Ribbit
  7017 | D:6      | Learned a level 1 spell: Animate Skeleton
  7143 | D:7      | Gained mutation: You are agile. (Dex +2) [potion of beneficial mutation]
  7144 | D:7      | Gained mutation: You have sharp toenails. [potion of beneficial mutation]
  7145 | D:7      | Gained mutation: You possess an exceptional clarity of mind. [potion of beneficial mutation]
  7331 | D:7      | Gained mutation: You have a pair of small antennae on your head. [demonic ancestry]
  7331 | D:7      | Reached XP level 9. HP: 68/68 MP: 9/9
  7336 | D:7      | Found a sacrificial altar of Ru.
  7458 | D:7      | Reached **** piety under Ashenzari
  7516 | D:7      | Found Dufras's Food Boutique.
  7945 | D:8      | Noticed Joseph
  7970 | D:8      | Killed Joseph
  8281 | D:8      | Learned a level 3 spell: Regeneration
  9031 | D:9      | Noticed a troll
  9037 | D:9      | Killed a troll
  9104 | D:9      | Reached skill level 5 in Dodging
  9478 | D:9      | Gained mutation: You have a pair of antennae on your head. [demonic ancestry]
  9478 | D:9      | Reached XP level 10. HP: 46/74 MP: 2/10
  9579 | D:9      | Reached skill level 5 in Shields
  9641 | D:9      | Found a staircase to the Orcish Mines.
 10050 | D:9      | Reached skill level 1 in Necromancy
 10144 | D:9      | Found a staircase to the Lair.
 10263 | Lair:1   | Entered Level 1 of the Lair of Beasts
 10268 | Lair:1   | Noticed Harold
 10300 | Lair:1   | Killed Harold
 10426 | Lair:1   | Noticed a spiny frog
 10431 | Lair:1   | Killed a spiny frog
 10513 | Lair:1   | Reached skill level 5 in Necromancy
 10541 | Lair:1   | Reached ***** piety under Ashenzari
 11428 | Lair:2   | Reached skill level 1 in Charms
 11466 | Lair:2   | Found a frozen archway.
 11479 | Lair:2   | Gained mutation: You have a pair of large antennae on your head. (SInv) [demonic ancestry]
 11479 | Lair:2   | Reached XP level 11. HP: 48/86 MP: 10/12
 11489 | Lair:2   | Reached skill level 1 in Spellcasting
 11559 | IceCv    | Entered an ice cave
 11559 | IceCv    | Noticed a white ugly thing
 11731 | IceCv    | Killed a white ugly thing
 11762 | IceCv    | Noticed a white ugly thing
 11765 | IceCv    | Identified the +4 scimitar of Riuvisolo {slice, +Rage Int+2 Dex+5}
 11771 | IceCv    | HP: 4/86 [ice beast[an ice statue] (1)]
 11771 | IceCv    | Slain by an ice beast

Vault maps used:
D:1:      minmay_arrival_nine_rooms
D:2:      ashenzari_altar_1, minmay_tromino_i2
D:3:      nicolae_overflow_hidden_temple, minitemple
D:4:      nicolae_overflow_crystal_walls
D:5:      first_bread
D:6:      nicolae_gozag_cash_rules_everything_around_me, uniq_prince_ribbit1
D:7:      nicolae_ru_the_path_less_chosen, serial_shops, shop,
          nrook_loot_triangle
D:8:      uniq_joseph
D:9:      erik_lair_island, david_orc_3, grunt_livestock
Lair:1:   uniq_harold
Lair:2:   portal_ice_cave_entry_ice_beasts, serial_bayou_shore_b
IceCv:    ice_cave_statue_garden_teleport

Skill      XL: |  1  2  3  4  5  6  7  8  9 10 11 |
---------------+----------------------------------+-----
Fighting       | 4 5 7 8 |  8.1
Short Blades   | 1 2 3 5 6 7 |  7.6
Stealth        | 2 3 4 6 7 8 |  8.4
Shields        | 3 4 5 |  5.1
Dodging        | 3 5 |  5.5
Necromancy     | 6 |  6.6
Charms         | 1 2 |  2.3
Spellcasting   | 2 |  2.0
Axes           | |  2.6

Action                   |  1- 3 |  4- 6 |  7- 9 | 10-12 || total
-------------------------+-------+-------+-------+-------++-------
Melee: Hand axe          |    97 |       |       |       ||    97
       Dagger            |    43 |   133 |   482 |   380 ||  1038
       Kick              |       |       |    94 |   160 ||   254
Throw: Stone             |       |    15 |     1 |       ||    16
 Cast: Animate Skeleton  |       |       |     5 |    16 ||    21
       Regeneration      |       |       |     5 |     7 ||    12
Invok: Curse Item        |       |     1 |       |       ||     1
Evoke: Wand              |       |       |       |    16 ||    16
  Use: Scroll            |     3 |     5 |     3 |     8 ||    19
       Potion            |       |     5 |     9 |     1 ||    15
 Stab: Sleeping          |    13 |     9 |    31 |    10 ||    63
       Distracted        |     2 |     1 |     2 |     2 ||     7
       Confused          |       |       |       |     1 ||     1
       Invisible         |       |       |       |     4 ||     4
  Eat: Chunk             |     6 |     4 |    15 |    10 ||    35
       Pizza             |       |       |     1 |     4 ||     5
Armor: Robe              |    15 |    10 |    39 |    11 ||    75
       Skin              |       |    65 |       |       ||    65
Dodge: Dodged            |    81 |    45 |   195 |   111 ||   432
Block: Buckler           |       |       |    64 |    66 ||   130
